 Dungeon Crawl Stone Soup version 0.30-a0-373-gd37427bb62 (webtiles) character file.

Game seed: 13277673888860336357

116 zishaf the Magician (level 5, -3/38 HPs)
             Began as a Djinni Venom Mage on Nov 23, 2022.
             Frozen to death by an endoplasm (6 damage)
             ... on level 3 of the Dungeon.
             The game lasted 00:02:31 (2370 turns).

zishaf the Magician (Djinni Venom Mage)             Turns: 2370, Time: 00:02:32

Health: -3/38      AC:  3    Str:  7    XL:     5   Next: 20%
Gold:   59         EV: 12    Int: 19    God:
                   SH:  0    Dex: 13

rFire   + + .      SeeInvis .    b - +0 dagger
rCold   x . .      Faith    .    (no shield)
rNeg    . . .      Spirit   .    a - +0 robe
rPois   ∞          Reflect  .    g - +0 helmet
rElec   .          Harm     .    (no cloak)
rCorr   .          Rampage  .    (no gloves)
Will    .....                    (boots unavailable)
Stlth   ++........               (no amulet)
HPRegen 0.26/turn                (no ring)
MPRegen 0.00/turn                (no ring)

@: flying, very slightly contaminated
A: sickness immunity, fire resistance 2, cold vulnerability 1, float, innate
caster, HP casting, extra vitality 1
a: no special abilities


You were on level 3 of the Dungeon.
You visited 1 branch of the dungeon, and saw 3 of its levels.

You collected 59 gold pieces.

Inventory:

Hand Weapons
 b - a +0 dagger (weapon)
Armour
 a - a +0 robe (worn)
 g - a +0 helmet (worn)
Scrolls
 c - 3 scrolls of immolation {unknown}
 f - a scroll of fear {unknown}
 i - 3 scrolls of identify {unknown}
 j - a scroll of summoning {unknown}
 m - 2 scrolls of vulnerability {unknown}
 n - a scroll of noise {unknown}
 o - a scroll of teleportation {unknown}
Potions
 d - a potion of curing {unknown}
 e - 2 potions of degeneration {unknown}
 h - a potion of heal wounds {unknown}
 k - a potion of cancellation {unknown}
 l - a potion of ambrosia {unknown}


   Skills:
 + Level 2.3 Fighting
 - Level 2.1 Dodging
 - Level 1.5 Stealth
 * Level 3.7 Spellcasting


You couldn't memorise any spells.
You knew the following spells:

 Your Spells              Type           Power      Damage    Failure   Level
a - Sting                 Tmut/Pois      68%        1d6       3%          1
b - Poisonous Vapours     Pois/Air       34%        N/A       4%          2
z - Mephitic Cloud        Conj/Pois/Air  17%        N/A       9%          3
A - Olgreb's Toxic Radia  Pois           17%        N/A       30%         4
B - Static Discharge      Conj/Air       34%        2-4/arc   4%          2
P - Beastly Appendage     Tmut           34%        N/A       3%          1
Your spell library was empty.

Dungeon Overview and Level Annotations

Branches:
Dungeon (3/15)

Altars:
Uskayaw


Innate Abilities, Weirdness & Mutations

You are immune to sickness and miasma.
You are immune to poison.
Your flesh is very heat resistant. (rF++)
You are vulnerable to cold. (rC-)
You float through the air rather than walking.
You learn spells naturally, not from books.
Your magical power is your life essence.
You have superior vitality. (+4 MHP)


Message History

Aiming: Sting (safe; 3% risk of failure)
Press: ? - help, Shift-Dir - straight line, f/p - quokka
Aim: a quokka (64% to hit)
The sting hits the quokka.
The quokka is poisoned.
The quokka is heavily wounded.
* * * LOW HITPOINT WARNING * * *
The quokka bites you but does no damage.
The endoplasm hits you but does no damage.
Casting: Sting (safe; 3% risk of failure)
Confirm with . or Enter, or press ? or * to list all spells.
Aiming: Sting (safe; 3% risk of failure)
Press: ? - help, Shift-Dir - straight line, f/p - quokka
Aim: a quokka (severely wounded, poisoned, 64% to hit)
The sting hits the quokka but does no damage.
The quokka looks even sicker.
The quokka is severely wounded.
* * * LOW HITPOINT WARNING * * *
The quokka bites you.
* * * LOW HITPOINT WARNING * * *
The endoplasm barely misses you.
Casting: Sting (safe; 3% risk of failure)
Confirm with . or Enter, or press ? or * to list all spells.
Aiming: Sting (safe; 3% risk of failure)
Press: ? - help, Shift-Dir - straight line, f/p - quokka
Aim: a quokka (almost dead, very poisoned, 64% to hit)
The sting hits the quokka.
The quokka looks even sicker.
You kill the quokka!
* * * LOW HITPOINT WARNING * * *
The endoplasm closely misses you.
Casting: Sting (safe; 3% risk of failure)
Confirm with . or Enter, or press ? or * to list all spells.
Aiming: Sting (safe; 3% risk of failure)
Press: ? - help, Shift-Dir - straight line, f - endoplasm
Aim: an endoplasm (98% to hit)
The sting hits the endoplasm.
The endoplasm is poisoned.
The endoplasm is lightly wounded.
* * * LOW HITPOINT WARNING * * *
The endoplasm freezes you.
You are frozen.
You feel a terrible chill!
You die...

#### ....#
##.!.#
#.....#
########
......J####
#...<...
.......@..#
#.######
.......##.#
#.# #[....#
#.#######.#
...(.#
#.........#
#.#..
###########
# #. . ..


You could see an endoplasm (poisoned).

Vanquished Creatures
  3 adders (D:2)
  2 worms (D:2)
  4 dart slugs
  9 ball pythons
  8 bats
  4 endoplasms
  3 giant cockroaches
  6 goblins
  5 hobgoblins
  9 jackals
  3 quokkas
  4 frilled lizards
  4 kobolds (D:1)
  7 rats
71 creatures vanquished.

Notes
Turn   | Place    | Note
-------+----------+-------------------------------------------
     0 | D:1      | zishaf the Djinni Venom Mage began the quest for the Orb.
     0 | D:1      | zishaf set off with the following spells memorised: Sting,
                  | Poisonous Vapours, Mephitic Cloud, Olgreb's Toxic Radiance.
     0 | D:1      | Reached XP level 1. HP: 15/15 MP: 0/0
   130 | D:1      | Reached XP level 2. HP: 21/22 MP: 0/0
   267 | D:1      | Reached skill level 1 in Fighting
   431 | D:1      | Reached XP level 3. HP: 17/27 MP: 0/0
   431 | D:1      | Learned a level 1 spell: Beastly Appendage
   438 | D:1      | Reached skill level 3 in Spellcasting
   903 | D:1      | Found a faded altar of an unknown god.
  1400 | D:2      | Reached XP level 4. HP: 4/32 MP: 0/0
  1648 | D:2      | Found a hide-covered altar of Uskayaw.
  1772 | D:2      | HP: 1/33 [adder (1)]
  1928 | D:2      | Reached XP level 5. HP: 29/38 MP: 0/0
  1928 | D:2      | Learned a level 2 spell: Static Discharge
  2370 | D:3      | Frozen to death by an endoplasm

Illustrated notes

Levels and vault maps discovered:
D:1:      dpeg_arrival_subterranean_lakeside_camping, layout_basic,
          shapermc_ecumenical_altar_acropolis, minmay_small_reverse_x
D:2:      layout_rooms, basic_altar, grunt_decor_mini_mirrors, minmay_bisected
D:3:      layout_loops_ring, minmay_between

Skill      XL: |  1  2  3  4 |
---------------+-------------+-----
Fighting       | 1 2 |  2.3
Spellcasting   | 3 |  3.7
Dodging        | |  2.1
Stealth        | |  1.5

Action                   |  1- 3 |  4- 6 || total
-------------------------+-------+-------++-------
Melee: Dagger            |     2 |       ||     2
 Cast: Sting             |    90 |    55 ||   145
       Olgreb's Toxic Ra |       |     1 ||     1
Armor: Robe              |    12 |    14 ||    26
Dodge: Dodged            |    45 |    46 ||    91

Table legend: (Time is in decaauts)
 A = Elapsed time spent in this place.
 B = Non-inter-level travel time spent in this place.
 C = Inter-level travel time spent in this place.
 D = Time resting spent in this place.
 E = Time spent auto-exploring this place.
 F = Levels seen in this place.
 G = Mean time per level.
                   A        B        C        D        E       F      G
               +--------+--------+--------+--------+--------+-----+--------+
         Total |   2369 |   2334 |     35 |      0 |   2005 |   3 |  789.7 |
       Dungeon |   2369 |   2334 |     35 |      0 |   2005 |   3 |  789.7 |
               +--------+--------+--------+--------+--------+-----+--------+

Top non-repeatable levels by time:
     D:1: 1375 daAuts
     D:2: 962 daAuts
     D:3: 30 daAuts
